Map: 永恒梦境-天梯版

Players

iGMacSed (MacSed)

  • Race: Protoss Protoss

Cyan - Winner!

  • Race: Protoss Protoss

Event: DreamHack SC2 Masters 2020 Summer China

VOD

Have the link to the VOD?

Description

Time

  • Played on: July 3, 2020, 8:58 a.m.
  • Length: 10:02

All games in this series

Show
View Real Time Build Order
Export as new Build Order

iGMacSed Protoss 

Build Orders:  

Get SALT Encoding   

  12  0:00  Probe  
  13  0:13  Probe  
  14  0:17  Pylon  
  14  0:24  Probe  
  15  0:32  Probe  
  15  0:36  Gateway  
  15  0:40  Probe  
  16  0:45  Assimilator  
  17  0:51  Probe  
  18  0:59  Probe  
  19  1:04  Assimilator  
  19  1:07  Probe  
  19  1:11  Gateway  
  19  1:17  Probe  
  20  1:24  Cybernetics Core  
  21  1:29  Probe  
  22  1:35  Pylon  
  22  1:41  Probe  
  23  1:54  Probe  
  24  2:02  Adept  
  24  2:03  Adept, Warp Gate  
  24  2:06  Probe  
  29  2:13  Pylon  
  29  2:27  Robotics Facility  
  29  2:34  Stalker x2  
  33  2:44  Shield Battery  
  33  3:04  Sentry  
  33  3:05  Sentry  
  37  3:12  Warp Prism  
  37  3:13  Nexus  
  37  3:28  Probe  
  37  3:32  Pylon  
  38  3:47  Immortal  
  38  3:49  Probe  
  40  4:00  Stalker  
  45  4:06  Stalker  
  47  4:18  Pylon  
  47  4:26  Probe x2  
  49  4:33  Sentry  
  49  4:34  Sentry  
  53  4:40  Gateway  
  50  4:46  Immortal, Probe  
  50  4:52  Probe  
  54  5:05  Adept x2  
  58  5:12  Probe, Pylon  
  59  5:15  Probe  
  58  5:22  Probe  
  58  5:26  Probe  
  57  5:29  Twilight Council  
  57  5:30  Probe  
  57  5:32  Observer  
  57  5:34  Probe  
  60  5:39  Probe  
  60  5:40  Pylon  
  62  5:44  Stalker  
  62  5:49  Pylon  
  64  5:55  Stalker  
  64  6:03  Probe  
  61  6:09  Stalker  
  59  6:14  Warp Prism  
  60  6:34  Dark Shrine  
  60  6:35  Probe  
  60  6:37  Probe  
  60  6:39  Observer  
  63  6:47  Pylon, Probe  
  63  6:52  Blink  
  63  6:53  Observer, Probe  
  64  6:59  Probe  
  65  7:05  Stalker, Probe  
  66  7:11  Probe  
  67  7:17  Probe  
  67  7:18  Assimilator  
  67  7:20  Immortal  
  64  7:23  Probe  
  64  7:29  Probe  
  70  7:34  Assimilator  
  70  7:35  Probe  
  71  7:37  Shield Battery  
  71  7:41  Probe  
  72  7:47  Probe  
  72  7:48  Dark Templar  
  75  7:53  Probe  
  76  7:59  Probe  
  76  8:03  Dark Templar  
  76  8:05  Immortal, Probe  
  80  8:09  Gateway  
  80  8:13  Gateway x2  
  82  8:21  Shield Battery  
  82  8:22  Sentry, Shield Battery  
  84  8:35  Shield Battery  
  84  8:38  Gateway  
  84  8:45  Observer  
  84  8:47  Stalker x3  
  91  8:55  Gateway  
  91  8:56  Gateway  
  91  9:09  Stalker x2  
  83  9:18  Dark Templar x2  
  85  9:28  Stalker  
  71  9:34  Stalker x3  
  48  9:46  Probe x2  
Show
View Real Time Build Order
Export as new Build Order

Cyan Protoss - Winner!

Build Orders: Blink Stalkers 

Get SALT Encoding   

  12  0:00  Probe  
  13  0:12  Probe  
  14  0:17  Pylon  
  14  0:24  Probe  
  15  0:32  Probe  
  15  0:37  Gateway  
  15  0:40  Probe  
  16  0:47  Assimilator  
  17  0:51  Probe  
  17  0:56  Assimilator  
  18  0:59  Probe  
  19  1:07  Gateway, Probe  
  19  1:17  Probe  
  21  1:27  Cybernetics Core  
  21  1:29  Probe  
  22  1:34  Pylon  
  22  1:41  Probe  
  23  1:53  Probe  
  24  2:03  Stalker x2  
  24  2:04  Warp Gate  
  28  2:08  Pylon  
  28  2:11  Probe  
  29  2:25  Probe  
  29  2:27  Twilight Council  
  30  2:39  Blink  
  30  2:40  Stalker x2  
  34  2:52  Pylon  
  34  3:05  Shield Battery  
  34  3:26  Nexus, Probe  
  35  3:27  Shield Battery  
  35  3:35  Pylon  
  35  3:42  Probe  
  36  3:51  Pylon  
  36  3:54  Probe  
  37  3:57  Sentry x2  
  41  4:08  Probe  
  42  4:20  Stalker x2, Probe  
  47  4:32  Probe  
  47  4:34  Pylon  
  48  4:45  Probe x2  
  50  4:49  Stalker x2  
  50  4:52  Forge  
  54  4:53  Probe  
  54  4:57  Probe  
  56  5:01  Probe  
  57  5:08  Protoss Ground Weapons Level 1  
  57  5:09  Probe  
  57  5:10  Gateway  
  57  5:12  Gateway, Probe  
  58  5:21  Probe  
  60  5:24  Probe  
  60  5:26  Adept x2  
  65  5:37  Robotics Facility, Probe  
  65  5:41  Probe  
  67  5:49  Probe  
  68  5:52  Assimilator  
  68  5:53  Probe  
  63  5:57  Pylon  
  63  5:58  Assimilator  
  63  6:00  Stalker x2  
  63  6:01  Probe  
  62  6:13  Stalker  
  62  6:16  Shield Battery x2  
  62  6:18  Stalker, Shield Battery  
  58  6:24  Immortal  
  58  6:25  Sentry x2  
  66  6:37  Pylon  
  66  6:40  Adept  
  66  6:41  Adept  
  66  6:46  Stalker  
  72  6:48  Stalker  
  74  6:54  Pylon  
  74  7:06  Warp Prism  
  74  7:15  Gateway  
  72  7:17  Gateway  
  72  7:21  Gateway  
  72  7:29  Stalker x3  
  78  7:32  Stalker  
  80  7:38  Photon Cannon, Observer  
  81  7:57  Stalker x4  
  87  8:10  Stalker  
  87  8:12  Observer  
  86  8:17  Stalker x2  
  89  8:27  Stalker x2  
  93  8:38  Shield Battery  
  93  8:40  Stalker  
  93  8:41  Stalker  
  96  8:52  Pylon  
  96  8:54  Pylon  
  96  8:55  Stalker x3  
  98  9:10  Stalker x2  
  102  9:19  Observer  
  102  9:22  Stalker x2  
  104  9:25  Stalker x2  
  94  9:32  Stalker  
  90  9:41  Stalker  
  90  9:42  Stalker  
  88  9:49  Stalker x2  
Tags
 
Add a new tag
Caveats
  • Supply blocks, unpowered buildings, or Contaminate may cause inaccurate times.
  • Supply counts are checked every 10 seconds.